 Dungeon Crawl Stone Soup version 0.22-a0-479-gc6e99f3 (webtiles) character file.

5380 Mgcat the Basher (level 10, -3/96 HPs)
             Began as an Ogre Berserker on June 14, 2018.
             Was an Elder of Trog.
             Slain by a hornet (10 damage)
             ... on level 8 of the Dungeon.
             The game lasted 00:21:45 (8491 turns).

Mgcat the Basher (Ogre Berserker)                   Turns: 8491, Time: 00:21:46

Health: -3/96      AC:  5    Str: 25    XL:     10   Next: 66%
Magic:  9/9        EV: 10    Int:  8    God:    Trog [****..]
Gold:   321        SH:  0    Dex:  9    Spells: 9/9 levels left

rFire    + . .     SeeInvis .   r - +3 dire flail (drain)
rCold    + . .     Gourm    .   (shield currently unavailable)
rNeg     . . .     Faith    .   b - +2 animal skin
rPois    .         Spirit   .   (helmet restricted)
rElec    .         Reflect  .   (no cloak)
rCorr    .         Harm     .   (gloves unavailable)
MR       ++...                  (boots unavailable)
Stlth    +.........             (no amulet)
HPRegen  0.26/turn              n - ring of protection from fire {rF+, !d}
MPRegen  0.11/turn              x - ring of protection from magic {MR+, !d}

@: lethally poisoned (-3 -> -16), berserk cooldown, slowed, very slow
A: large, unfitting armour, cold resistance 1, low mp 1, tough skin 1
a: Berserk, Trog's Hand, Brothers in Arms, Renounce Religion


You were on level 8 of the Dungeon.
You worshipped Trog.
Trog was greatly pleased with you.
You were very hungry.

You visited 1 branch of the dungeon, and saw 8 of its levels.
You also visited: Sewer.

You collected 501 gold pieces.
You spent 180 gold pieces at shops.

Inventory:

Hand Weapons
 a - a +0 mace
 r - a +3 dire flail of draining (weapon)
   (You took it off Edmund on level 6 of the Dungeon)
 I - a +0 giant club
   (You took it off an ogre on level 8 of the Dungeon)
 K - a +0 giant spiked club
   (You took it off a two-headed ogre on level 8 of the Dungeon)
Armour
 b - a +2 animal skin (worn)
Jewellery
 k - an uncursed ring of resist corrosion
   (You found it on level 1 of the Dungeon)
 l - an uncursed ring of protection from cold {rC+, !d}
   (You took it off a goblin on level 2 of the Dungeon)
 n - a ring of protection from fire (left hand) {rF+, !d}
   (You found it on level 2 of the Dungeon)
 u - an uncursed ring of protection from cold {rC+, !d}
   (You found it on level 8 of the Dungeon)
 x - a ring of protection from magic (right hand) {MR+, !d}
   (You found it on level 4 of the Dungeon)
Wands
 y - a wand of flame (17)
   (You took it off Sigmund on level 5 of the Dungeon)
 A - a wand of scattershot (4)
   (You found it on level 6 of the Dungeon)
 E - a wand of digging (20)
   (You found it on level 7 of the Dungeon)
 J - a wand of polymorph (15)
   (You took it off an orc on level 8 of the Dungeon)
Scrolls
 e - a scroll of blinking {!r}
 f - 2 scrolls of remove curse
 h - 3 scrolls of fear
 o - 3 scrolls of teleportation
 p - 3 scrolls of enchant armour
 v - a scroll of fog
 B - 3 scrolls of identify
Potions
 d - 2 potions of agility
 i - a potion of heal wounds
 j - 5 potions of might
 m - 2 potions of lignification {!q}
 q - 2 potions of curing
 s - 2 potions of invisibility
 t - a potion of magic
 w - a potion of ambrosia
 z - 2 potions of brilliance
 C - 2 potions of flight
 D - a potion of haste
 F - a potion of berserk rage {unknown}
Comestibles
 c - 14 rations
 g - a chunk of flesh {@w0}


   Skills:
 - Level 5.0 Fighting
 + Level 13.8 Maces & Flails
 - Level 2.6 Dodging


You had 9 spell levels left.
You didn't know any spells.
Your spell library contained the following spells:

 Spells                   Type           Power        Failure   Level  Hunger
 Magic Dart               Conj           #...         41%         1    ##.....
 Confuse                  Hex            #.......     78%         3    ####...
 Iskenderun's Mystic Bla  Conj           #.......     99%         4    #####..
 Confusing Touch          Hex            #.....       41%         1    ##.....
 Metabolic Englaciation   Hex/Ice        #.........   100%        5    ######.
 Petrify                  Tmut/Erth      #.......     99%         4    #####..
 Fulminant Prism          Conj/Hex       #.........   99%         4    #####..
 Dazzling Spray           Conj/Hex       #.....       78%         3    ####...
 Force Lance              Conj/Tloc      #.......     99%         4    #####..
 Searing Ray              Conj           #.....       54%         2    ###....
 Gell's Gravitas          Tloc           #.........   78%         3    ####...
 Yara's Violent Unravell  Hex/Tmut       #.........   100%        5    ######.


Dungeon Overview and Level Annotations

Branches:
Dungeon (8/15)             Temple (0/1) D:6
   Lair: D:8-11

Altars:
Ashenzari
Elyvilon
Fedhas
Gozag
Hepliaklqana
Makhleb
Nemelex Xobeh
Okawaru
Sif Muna
Trog
Vehumet
Wu Jian
Xom
The Shining One

Shops:
D:7 *

Annotations:
D:4 1 runed door


Innate Abilities, Weirdness & Mutations

You are too large for most types of armour.
You have tough skin. (AC +1)
Your flesh is cold resistant. (rC+)
Your magical capacity is low. (-10% MP)


Message History

Unknown command.
Unknown command.
As you read the scroll labeled ZOMANK QUET, it crumbles to dust.
Your brain hurts!
It was a scroll of random uselessness.
As you read the scroll labeled NEASIY TOORUO, it crumbles to dust.
It is a scroll of enchant weapon.
Your +2 dire flail of draining glows red for a moment.
As you read the scroll labeled LOX IRAOTSO, it crumbles to dust.
You speak a Word of immense power!
It was a scroll of holy word.
Some of the chunks of flesh in your inventory have rotted away.
You see here 18 arrows.
u - a ring of protection from cold {rC+, !d} You see here a plate armour.
All of the chunks of flesh in your inventory have rotted away.
A quokka comes into view.
You sock the quokka!
You kill the quokka!
Trog accepts your kill.
No target in view!
No target in view!
No target in view!
You butcher the quokka corpse.
g - a chunk of flesh {@w0} Key pressed, stopping explore.
Found a glowing scale mail.
Found a glowing golden altar of the Shining One.
A two-headed ogre and a necrophage come into view.
The necrophage moves out of view.
A red film seems to cover your vision as you go berserk!
You feel yourself moving faster!
You feel mighty!
You are feeling very hungry.
You bludgeon the two-headed ogre!! You drain the two-headed ogre!
The two-headed ogre is severely wounded.
You bludgeon the two-headed ogre!!
You kill the two-headed ogre!
Trog accepts your kill. The necrophage hits you.
You closely miss the necrophage. You sock the necrophage!
The necrophage is moderately damaged.
The necrophage barely misses you.
You puncture the necrophage!
The necrophage is heavily damaged.
You bludgeon the necrophage!!
You destroy the necrophage!
Trog accepts your kill.
No target in view!
No target in view!
No target in view!
A hornet comes into view.
Things that are here:
a giant spiked club; a giant club You feel a strong urge to attack something.
You feel your anger nearly subside.
You are no longer berserk.
Trog's vigour flows through your veins.
You are exhausted.
You feel yourself slow down.
The hornet stings you but does no damage.
You miss the hornet. The hornet stings you!!
You feel as though you will be slow longer.
The hornet stings you!
You feel as though you will be slow longer.
You are too injured to fight recklessly!
You are too injured to fight recklessly!
You hit the hornet. You drain the hornet!
The hornet is moderately wounded.
The hornet stings you.
You feel as though you will be slow longer.
You closely miss the hornet.
The hornet is moderately wounded.
The hornet stings you.
You are poisoned.
You suddenly lose the ability to move!
The hornet stings you!
You are more poisoned.
You feel as though you will be slow longer.
You feel sick. The hornet stings you.
You feel as though you will be slow longer.
You feel sick. The hornet stings you!
* * * LOW HITPOINT WARNING * * *
You feel as though you will be slow longer.
The hornet stings you but does no damage.
You feel sick.
The hornet stings you but does no damage.
You can move again.
Unknown command.
Unknown command.
Unknown command.
Unknown command.
You fail to use your ability.
You feel sick. The hornet closely misses you. The hornet stings you!
* * * LOW HITPOINT WARNING * * *
You are lethally poisoned!
You shrug off the repeated paralysis!
You fail to use your ability.
* * * LOW HITPOINT WARNING * * *
You feel sick. The hornet stings you.
* * * LOW HITPOINT WARNING * * *
You feel as though you will be slow longer.
The hornet stings you!
You die...

##.##..##....#
#.##...#...≈##
#.#..#.##.#.≈#
#...##..#...##.#
##..[..........#
#..####.####..#
#..##.....##
##..#.......#
#...#.....@y#..
#......)_......#
..#.#.......#.##
#.#.......#.# #
##.....## #
###.### ... ####


You could see a hornet.

Vanquished Creatures
  2 two-headed ogres (D:8)
  Pikel (D:5)
  The ghost of Paulus the Shield-Bearer, an amateur FoFi (D:3)
  Sigmund (D:5)
  Edmund (D:6)
  Menkaure (D:6)
  Duvessa (D:5)
  Purgy (Sewer)
  An ogre (D:8)
  A phantom (D:8)
  2 orc warriors
  2 centaurs (D:7)
  An ice beast (D:7)
  4 necrophages
  A big kobold (D:7)
  3 bullfrogs
  4 scorpions
  Dowan (D:5)
  6 killer bees
  A howler monkey (D:6)
  3 crimson imps
  A gnoll shaman (D:4)
  4 orc priests
  2 bullfrog skeletons
  3 hounds
  2 jellies (D:8)
  3 orc wizards
  Jessica (D:3)
  3 iguanas
  3 worker ants
  A hound zombie (D:7)
  A worker ant zombie (D:6)
  9 adders
  9 gnolls
  2 shadow imps (D:7)
  An ooze (D:1)
  3 adder skeletons
  2 adder zombies (D:7)
  4 worms (D:2)
  52 orcs
  A ball python (D:3)
  5 giant cockroaches
  10 goblins
  14 hobgoblins
  2 jackals (D:6)
  3 quokkas
  8 bats
  3 frilled lizards
  A jackal skeleton (D:6)
  18 kobolds
  A quokka zombie (D:7)
  8 rats
  A bush (D:7)
  A plant (D:7)
221 creatures vanquished.

Vanquished Creatures (others)
  A jelly (D:5)
  An adder (D:4)
  A plant (D:7)
3 creatures vanquished.

Grand Total: 224 creatures vanquished

Notes
Turn   | Place    | Note
-------+----------+-------------------------------------------
     0 | D:1      | Mgcat the Ogre Berserker began the quest for the Orb.
     0 | D:1      | Reached XP level 1. HP: 24/24 MP: 1/1
    94 | D:1      | Reached skill level 3 in Maces & Flails
   171 | D:1      | Reached XP level 2. HP: 29/32 MP: 2/2
   670 | D:2      | Reached skill level 4 in Maces & Flails
   670 | D:2      | Reached XP level 3. HP: 27/39 MP: 3/3
   671 | D:2      | Reached XP level 4. HP: 29/48 MP: 4/4
   676 | D:2      | HP: 9/48 [orc/hand axe (4)]
   677 | D:2      | HP: 3/48 [orc/hand axe (3)]
   678 | D:2      | HP: 1/48 [orc/hand axe (3)]
  1000 | D:2      | Reached ** piety under Trog
  1081 | D:2      | Reached skill level 5 in Maces & Flails
  1081 | D:2      | Reached XP level 5. HP: 46/54 MP: 5/5
  1827 | D:3      | Noticed Jessica
  1832 | D:3      | Killed Jessica
  2362 | D:3      | Noticed Paulus's ghost (amateur FoFi)
  2380 | D:3      | HP: 11/54 [Paulus's ghost (5)]
  2392 | D:3      | Gained mutation: Your magical capacity is low. (-10% MP) [potion of mutation]
  2392 | D:3      | Gained mutation: Your flesh is cold resistant. (rC+) [potion of mutation]
  2393 | D:3      | Killed Paulus's ghost
  2393 | D:3      | Reached skill level 6 in Maces & Flails
  2393 | D:3      | Reached XP level 6. HP: 31/62 MP: 5/5
  2792 | D:4      | Found a shimmering altar of Xom.
  2798 | D:4      | Reached skill level 7 in Maces & Flails
  2798 | D:4      | Reached XP level 7. HP: 70/70 MP: 6/6
  3301 | D:4      | Found an opulent altar of Gozag.
  3358 | D:4      | Found a radiant altar of Vehumet.
  3359 | D:4      | Found a burning altar of Makhleb.
  3421 | D:4      | Reached *** piety under Trog
  3427 | D:4      | Reached skill level 8 in Maces & Flails
  3468 | D:4      | Found a sparkling altar of Nemelex Xobeh.
  3706 | D:4      | Found a white marble altar of Elyvilon.
  3775 | D:4      | Found a runed door.
  4205 | D:5      | Entered Level 5 of the Dungeon
  4205 | D:5      | Noticed Sigmund
  4215 | D:5      | Killed Sigmund
  4215 | D:5      | Reached XP level 8. HP: 78/78 MP: 7/7
  4330 | D:5      | Found a hazy altar of Hepliaklqana.
  4422 | D:5      | Reached skill level 9 in Maces & Flails
  4490 | D:5      | Noticed Pikel
  4506 | D:5      | Killed Pikel
  4506 | D:5      | Reached skill level 10 in Maces & Flails
  4696 | D:5      | Noticed Duvessa
  4698 | D:5      | Noticed Dowan
  4712 | D:5      | Killed Dowan
  4715 | D:5      | Killed Duvessa
  4904 | D:5      | Found a bloodstained altar of Trog.
  5100 | D:6      | Reached XP level 9. HP: 84/84 MP: 8/8
  5102 | D:6      | Noticed Edmund
  5113 | D:6      | Killed Edmund
  5240 | D:6      | Reached skill level 11 in Maces & Flails
  5336 | D:6      | Found a glowing drain.
  5351 | Sewer    | Entered a sewer
  5407 | Sewer    | Noticed Purgy
  5412 | Sewer    | Killed Purgy
  5860 | D:6      | Found a staircase to the Ecumenical Temple.
  5883 | D:6      | Reached **** piety under Trog
  6083 | D:6      | Noticed Menkaure
  6093 | D:6      | Killed Menkaure
  6490 | D:7      | Found Ujoinadd's General Store.
  6800 | D:7      | Reached skill level 12 in Maces & Flails
  6994 | D:7      | Reached skill level 5 in Fighting
  7001 | D:7      | Bought 2 potions of might for 120 gold pieces
  7001 | D:7      | Bought a potion of might for 60 gold pieces
  7087 | D:7      | Found a shattered altar of Ashenzari.
  7153 | D:7      | Found a deep blue altar of Sif Muna.
  7384 | D:7      | Reached XP level 10. HP: 82/96 MP: 9/9
  7675 | D:7      | Found a blossoming altar of Fedhas.
  8149 | D:8      | Found an ornate altar of the Wu Jian Council.
  8157 | D:8      | Found an iron altar of Okawaru.
  8192 | D:8      | Reached skill level 13 in Maces & Flails
  8248 | D:8      | Noticed a two-headed ogre
  8257 | D:8      | Killed a two-headed ogre
  8466 | D:8      | Found a glowing golden altar of the Shining One.
  8469 | D:8      | Noticed a two-headed ogre
  8474 | D:8      | Killed a two-headed ogre
  8486 | D:8      | Paralysed by a hornet for 3 turns
  8490 | D:8      | HP: 23/96 [poisoned by a hornet]
  8491 | D:8      | HP: 11/96 [poisoned by a hornet]
  8491 | D:8      | Slain by a hornet

Vault maps used:
D:1:      dpeg_arrival_concentric_ovals, minivault_26
D:2:      roderic_roman_lattice, hex_tiny
D:3:      first_ration, minmay_crystal_room, uniq_jessica
D:4:      grunt_temple_overflow_lords_of_destruction, lemuel_crystal_altar,
          xom_confusion_cloud, kennysheep_little_box,
          nicolae_overflow_crystal_walls, small_statue_alley_b,
          minmay_close_crescents, uniq_crazy_yiuf_cottage
D:5:      kennysheep_mini_moat, lemuel_crystal_altar, nicolae_underground_beach,
          uniq_sigmund, uniq_pikel, uniq_duvessa
D:6:      corexii_shantytown, minmay_temple_entry_grid, portal_sewer_entry_d,
          hangedman_decor_clover_reticule, uniq_menkaure, uniq_edmund
D:7:      fedhas_altar_decomposition, nicolae_ashenzari_panopticon,
          lemuel_doored_altar, serial_shops, shop_statue
D:8:      kennysheep_mini, lemuel_crystal_altar, old_standard_altar,
          hangedman_little_slice_of_home, eino_tiny_chamber
Sewer:    sewer_big_baddie

Skill      XL: |  1  2  3  4  5  6  7  8  9 10 |
---------------+-------------------------------+-----
Maces & Flails | 3 4 5 6 7 8 10 12 13 | 13.8
Fighting       | 5 |  5.0
Dodging        | |  2.6

Action                   |  1- 3 |  4- 6 |  7- 9 | 10-12 || total
-------------------------+-------+-------+-------+-------++-------
Melee: Mace              |    39 |   165 |   183 |       ||   387
       Dire flail        |       |       |   221 |    86 ||   307
Invok: Berserk           |     1 |     7 |    16 |     4 ||    28
       Trog's Hand       |       |       |     3 |       ||     3
Evoke: Wand              |       |       |     5 |       ||     5
  Use: Potion            |       |     3 |       |       ||     3
       Scroll            |       |       |    17 |     3 ||    20
 Stab: Sleeping          |       |     5 |       |       ||     5
  Eat: Chunk             |       |    12 |    25 |     2 ||    39
       Ration            |       |       |     2 |     1 ||     3
Armor: Animal skin       |    10 |    31 |   107 |    10 ||   158
       Skin              |       |    12 |       |       ||    12
Dodge: Dodged            |    22 |    70 |   184 |    17 ||   293

Table legend:
 A = Spawn XP
 B = Non-spawn XP
 C = Spawn XP percentage of total XP
 D = Spawn monster count
 E = Non-spawn monster count
 F = Spawn count percentage of total count
 G = Total turns spent on level
                    A         B        C        D         E        F      G
               +---------+---------+-------+---------+---------+-------+---------
         Total |       0 |    7686 |   0.0 |       0 |     219 |   0.0 |  8491
               +---------+---------+-------+---------+---------+-------+---------
           D:1 |       0 |      25 |   0.0 |       0 |      14 |   0.0 |   878
           D:2 |       0 |     202 |   0.0 |       0 |      29 |   0.0 |   804
           D:3 |       0 |     412 |   0.0 |       0 |      25 |   0.0 |  1428
           D:4 |       0 |     552 |   0.0 |       0 |      22 |   0.0 |  1095
           D:5 |       0 |    1138 |   0.0 |       0 |       7 |   0.0 |   911
           D:6 |       0 |    1095 |   0.0 |       0 |      61 |   0.0 |  1689
           D:7 |       0 |    1680 |   0.0 |       0 |      41 |   0.0 |  1221
           D:8 |       0 |    2444 |   0.0 |       0 |      14 |   0.0 |   353
         Sewer |       0 |     138 |   0.0 |       0 |       6 |   0.0 |   112
               +---------+---------+-------+---------+---------+-------+---------

Vault maps used:
D:1:      dpeg_arrival_concentric_ovals, minivault_26
D:2:      roderic_roman_lattice, hex_tiny
D:3:      first_ration, minmay_crystal_room, uniq_jessica
D:4:      grunt_temple_overflow_lords_of_destruction, lemuel_crystal_altar,
          xom_confusion_cloud, kennysheep_little_box,
          nicolae_overflow_crystal_walls, small_statue_alley_b,
          minmay_close_crescents, uniq_crazy_yiuf_cottage
D:5:      kennysheep_mini_moat, lemuel_crystal_altar, nicolae_underground_beach,
          uniq_sigmund, uniq_pikel, uniq_duvessa
D:6:      corexii_shantytown, minmay_temple_entry_grid, portal_sewer_entry_d,
          hangedman_decor_clover_reticule, uniq_menkaure, uniq_edmund
D:7:      fedhas_altar_decomposition, nicolae_ashenzari_panopticon,
          lemuel_doored_altar, serial_shops, shop_statue
D:8:      kennysheep_mini, lemuel_crystal_altar, old_standard_altar,
          hangedman_little_slice_of_home, eino_tiny_chamber
Sewer:    sewer_big_baddie

Table legend:
 A = Turns spent in this place as a percentage of turns spent in the entire game.
 B = Non-inter-level travel turns spent in this place as a percentage of non-inter-level travel turns spent in the entire game.
 C = Inter-level travel turns spent in this place as a percentage of turns spent in this place.
 D = Turns resting spent in this place as a percentage of non-inter-level travel turns spent in this place.
 E = Turns spent auto-exploring this place as a percentage of non-inter-level travel turns spent in this place.
 F = Non-inter-level travel turns spent in this place divided by the number of levels of this place that you've seen.
                   A       B       C       D       E      F
               +-------+-------+-------+-------+-------+----------------------
         Total | 100.0 | 100.0 |   3.0 |  21.2 |  60.0 | 915.6
       Dungeon |  98.7 |  98.6 |   3.0 |  21.5 |  59.8 | 1016.0
         Sewer |   1.3 |   1.4 |   0.0 |   0.0 |  73.2 | 112.0
               +-------+-------+-------+-------+-------+----------------------

Table legend:
 A = Kills in this place as a percentage of kills in entire the game.
 B = Kills by you in this place as a percentage of kills by you in the entire game.
 C = Kills by friends in this place as a percentage of kills by friends in the entire game.
 D = Other kills in this place as a percentage of other kills in the entire game.
 E = Experience gained in this place as a percentage of experience gained in the entire game.
 F = Experience gained in this place divided by the number of levels of this place that you have seen.
                   A       B       C       D       E      F
               +-------+-------+-------+-------+-------+----------------------
         Total | 100.0 | 100.0 |   N/A |   N/A | 100.0 | 854.0
       Dungeon |  97.3 |  97.3 |   N/A |   N/A |  98.2 | 943.5
         Sewer |   2.7 |   2.7 |   N/A |   N/A |   1.8 | 138.0
               +-------+-------+-------+-------+-------+----------------------
